 Dungeon Crawl Stone Soup version 0.20-a0-309-gcba9277 (webtiles) character file.

303 Deathtrap2010 the Ruffian (level 6, -2/59 HPs)
             Began as a Troll Fighter on Dec 19, 2016.
             Slain by a gnoll
             ... wielding a +0 halberd
              (7 damage)
             ... on level 3 of the Dungeon.
             The game lasted 00:15:34 (1045 turns).

Deathtrap2010 the Ruffian (Troll Fighter)           Turns: 1045, Time: 00:15:34

Health: -2/59      AC:  6    Str: 27    XL:     6   Next: 15%
Magic:  5/5        EV: 10    Int:  4    God:
Gold:   93         SH:  0    Dex:  9    Spells: 5/5 levels left

rFire  . . .     SeeInvis .       - Unarmed
rCold  . . .     Gourm    +     e - +0 robe
rNeg   + . .     Faith    .     (no shield)
rPois  .         Spirit   .     (helmet restricted)
rElec  .         Reflect  .     g - +0 cloak
rCorr  .         Harm     .     (gloves unavailable)
MR     .....                    (boots unavailable)
Stlth  +.........               (no amulet)
                                (no ring)
                                c - ring of positive energy

@: no status effects
A: unfitting armour, claws 3, fast metabolism 3, gourmand, regeneration 1,
shaggy fur 1, tough skin 2
a: no special abilities


You were on level 3 of the Dungeon.
You were not hungry.

You visited 1 branch of the dungeon, and saw 3 of its levels.

You collected 93 gold pieces.

Inventory:

Armour
 b - a +0 robe
 e - a +0 robe (worn)
 g - a +0 cloak (worn)
Jewellery
 c - a ring of positive energy (left claw)
Scrolls
 f - a scroll of immolation
Potions
 d - a potion of might
Comestibles
 a - a beef jerky


   Skills:
 + Level 2.7 Fighting
   Level 1.8 Maces & Flails
 * Level 1.4 Throwing
 * Level 1.3 Armour
 + Level 3.0 Dodging
 * Level 1.1 Stealth
   Level 2.5 Shields
 * Level 3.8 Unarmed Combat


You had 5 spell levels left.
You didn't know any spells.

Dungeon Overview and Level Annotations

Branches:
Dungeon (3/15)

Altars:

Annotations:
D:3 Ijyb


Innate Abilities, Weirdness & Mutations

You are too large for most types of armour.
You have claws for hands.
Your metabolism is lightning-fast.
You like to eat raw meat.
Your natural rate of healing is unusually fast.
You are covered in fur. (AC +1)
You have very tough skin. (AC +2)


Message History

You closely miss the gnoll. The gnoll hits you with a halberd.
Ijyb barely misses you.
The gnoll hits you from afar with a halberd!
* * * LOW HITPOINT WARNING * * *
There is an open door, spattered with blood here.
You claw Ijyb!
Ijyb is severely wounded.
Ijyb misses you.
The gnoll hits you from afar with a halberd!
* * * LOW HITPOINT WARNING * * *
You closely miss Ijyb.
Ijyb is severely wounded.
Ijyb hits you but does no damage. The gnoll closely misses you.
You scratch Ijyb.
Ijyb is almost dead.
Ijyb closely misses you.
You scratch Ijyb.
Ijyb is almost dead.
The gnoll hits you from afar with a halberd!
You die...

###.........
#.......g...
#.#....g....
####.......g...
.......g8.8.8.8 #.##g#
#..gg# ####g# ##@##
### ##...## ...
##.....## ## #.#
##.<.....## ##.##.#
#.........####...#.###
+.........+...........
#.........####...#.###
##.......## ##. #.#
##.....## ####.#


You could see Ijyb, a gnoll and 3 goblins.

Vanquished Creatures
  Sigmund (D:3)
  The ghost of Deathtrap2010 the Slasher, an amateur HuBe of Ru (D:3)
  2 gnolls (D:3)
  An adder (D:2)
  A worm (D:1)
  3 dart slugs
  5 bats (D:1)
  2 giant cockroaches
  6 goblins
  3 hobgoblins
  A quokka (D:3)
  2 frilled lizards (D:1)
  6 kobolds
  4 rats
38 creatures vanquished.

Notes
Turn   | Place    | Note
-------+----------+-------------------------------------------
     0 | D:1      | Deathtrap2010 the Troll Fighter began the quest for the Orb.
     0 | D:1      | Reached XP level 1. HP: 22/22 MP: 0/0
   201 | D:1      | Reached XP level 2. HP: 29/29 MP: 1/1
   619 | D:2      | Reached XP level 3. HP: 34/36 MP: 2/2
   811 | D:3      | Reached skill level 1 in Unarmed Combat
   916 | D:3      | Noticed Deathtrap2010's ghost (amateur HuBe)
   929 | D:3      | Killed Deathtrap2010's ghost
   929 | D:3      | Reached skill level 1 in Throwing
   929 | D:3      | Reached skill level 1 in Armour
   929 | D:3      | Reached XP level 4. HP: 42/44 MP: 3/3
   978 | D:3      | Noticed Sigmund
   996 | D:3      | Killed Sigmund
   996 | D:3      | Reached skill level 1 in Stealth
   996 | D:3      | Reached XP level 5. HP: 43/50 MP: 4/4
   996 | D:3      | Reached XP level 6. HP: 51/59 MP: 5/5
  1014 | D:3      | Noticed Ijyb
  1045 | D:3      | Slain by a gnoll

Vault maps used:
D:1:      sevenhm_arrival_forest_fort_large_2, nrook_uturn, serial_bayou_ford_a,
          minmay_pentomino_o2
D:2:      grunt_ministairs_14
D:3:      kennysheep_the_goblin_king, chequers_ecumenical_altar_simple_redux,
          uniq_sigmund

Skill      XL: |  1  2  3  4 |
---------------+-------------+-----
Unarmed Combat | 2 3 |  3.8
Throwing       | 1 |  1.4
Armour         | 1 |  1.3
Dodging        | 3 |  3.0
Stealth        | 1 |  1.1
Fighting       | |  2.7
Maces & Flails | |  1.8
Shields        | |  2.5

Action                   |  1- 3 |  4- 6 || total
-------------------------+-------+-------++-------
Melee: Unarmed           |    81 |    35 ||   116
       Flail             |    11 |       ||    11
  Use: Scroll            |     6 |       ||     6
       Potion            |     4 |       ||     4
  Eat: Bread ration      |     2 |       ||     2
Armor: Robe              |    56 |    11 ||    67
Dodge: Dodged            |    50 |    21 ||    71
Block: Shield            |    48 |       ||    48
